 Dungeon Crawl Stone Soup version 0.26-a0-1040-gbe3abf3417 (webtiles) character file.

Game seed: 3732820321007939841

249657 lorenzova the Sorcerer (level 19, -10/93 HPs)
             Began as a Deep Elf Conjurer on Dec 10, 2020.
             Was a High Priest of Vehumet.
             Hit by a javelin thrown by a merfolk javelineer (31 damage)
             ... on level 4 of the Shoals on Dec 11, 2020.
             The game lasted 02:16:01 (49822 turns).

lorenzova the Sorcerer (Deep Elf Conjurer)         Turns: 49822, Time: 02:16:02

Health: -10/93     AC:  5    Str:  2    XL:     19   Next: 28%
Magic:  56/56      EV: 12    Int: 37    God:    Vehumet [*****.]
Gold:   2647       SH: 16    Dex: 13    Spells: 7/62 levels left

rFire    + + .     SeeInvis .   N - +0 mace of Bulo {venom, rPois rF+ Str+2}
rCold    x . .     Faith    .   o - +6 buckler "Egalop" {Rampage}
rNeg     . . .     Spirit   .   a - +1 leather armour of the Dice {Rampage rElec rC- Will+ Stlth+}
rPois    +         Reflect  +   (no helmet)
rElec    +         Harm     +   q - scarf {harm}
rCorr    .         Rampage  +   v - +0 pair of gloves
Will     ++++.                  (no boots)
Stlth    +++.......             P - amulet of reflection
HPRegen  0.25/turn              I - ring of Surazuy {+Blink rF+ MP+9 Str-4 Int+2} (curse)
MPRegen  0.35/turn              U - ring of the Mage {Wiz Will++ Int+3}

@: studying Armour
A: no striking features
}: 1/15 runes: decaying
a: Renounce Religion, Evoke Blink


You were on level 4 of the Shoals.
You worshipped Vehumet.
Vehumet was extremely pleased with you.
You visited 7 branches of the dungeon, and saw 33 of its levels.
You also visited: Ossuary and Ice Cave.

You collected 4402 gold pieces.
You spent 1755 gold pieces at shops.

Inventory:

Hand Weapons
 N - the +0 mace of Bulo (weapon) {venom, rPois rF+ Str+2}
   (You found it on level 3 of the Lair of Beasts)

   It poisons the flesh of those it strikes.
   It affects your strength (+2).
   It protects you from fire.
   It protects you from poison.
 Y - the +9 falchion of the Walnut {freeze, *Contam rElec rPois Int+7 Stlth+}
   (You found it on level 3 of the Elven Halls)

   It has been specially enchanted to freeze those struck by it, causing extra
   injury to most foes and up to half again as much damage against particularly
   susceptible opponents.
   It can also slow down cold-blooded creatures.
   It affects your intelligence (+7).
   It insulates you from electricity.
   It protects you from poison.
   It causes magical contamination when unequipped.
   It makes you more stealthy.
Armour
 a - the +1 leather armour of the Dice (worn) {Rampage rElec rC- Will+ Stlth+}
   (You found it on level 11 of the Dungeon)

   It makes you vulnerable to cold.
   It insulates you from electricity.
   It affects your willpower, your defense against some magical effects.
   It bestows one free step when moving towards enemies.
   It makes you more stealthy.
 l - the +1 robe of Conscience {*Corrode rF++ rN+ Str+2, unknown}
   (You found it on level 4 of the Shoals)

   It affects your strength (+2).
   It greatly protects you from fire.
   It protects you from negative energy.
   It may corrode you when you take damage.
 o - the +6 buckler "Egalop" (worn) {Rampage}
   (You found it on level 4 of the Dungeon)

   It bestows one free step when moving towards enemies.
 q - a scarf of harm (worn)
 v - a +0 pair of gloves (worn)
 w - a +1 ring mail of willpower
Magical Staves
 G - an uncursed staff of fire
 X - an uncursed staff of poison
Jewellery
 e - an uncursed ring of see invisible
 j - an uncursed ring of resist corrosion
 m - an uncursed ring of ice
 A - an uncursed ring of magical power
 I - the cursed ring of Surazuy (left hand) {+Blink rF+ MP+9 Str-4 Int+2}
   (You found it on level 6 of the Dungeon)

   [ring of strength]

   It affects your strength (-4).
   It affects your intelligence (+2).
   It protects you from fire.
   It affects your magic capacity (+9).
   It lets you blink.
   It has a curse placed upon it.
 J - an uncursed amulet of magic regeneration
 P - an amulet of reflection (around neck)
 U - the ring of the Mage (right hand) {Wiz Will++ Int+3}
   (You took it off a deep elf archer on level 3 of the Elven Halls)

   [ring of wizardry]

   It improves your spell success rate.
   It affects your intelligence (+3).
   It affects your willpower, your defense against some magical effects.
Wands
 L - a wand of acid (26) (quivered)
 M - a wand of digging (9)
Scrolls
 b - 6 scrolls of amnesia
 c - 6 scrolls of vulnerability
 d - a scroll of identify
 g - 4 scrolls of magic mapping
 i - 5 scrolls of fog
 k - a scroll of holy word
 n - 2 scrolls of immolation
 p - 9 scrolls of teleportation
 s - 8 scrolls of remove curse
 x - 7 scrolls of fear
 y - 6 scrolls of enchant armour
 H - 2 scrolls of enchant weapon
 O - 5 scrolls of blinking
 R - 2 scrolls of silence
Potions
 f - 6 potions of heal wounds
 h - 4 potions of invisibility
 r - 3 potions of ambrosia
 t - 14 potions of curing
 u - 8 potions of brilliance
 B - 7 potions of flight
 C - 5 potions of haste
 E - 6 potions of cancellation
 F - 5 potions of lignification
 Q - 3 potions of magic
 S - a potion of mutation
 T - 2 potions of resistance
Books
 W - a manual of Armour


   Skills:
 + Level 2.1 Fighting
 + Level 2.8 Armour
 + Level 4.0 Dodging
 - Level 2.4 Stealth
 - Level 4.0 Shields
 * Level 22.3 Spellcasting
 * Level 19.6 Conjurations
 - Level 10.8 Hexes
 - Level 9.1 Translocations
 * Level 16.0 Fire Magic
 * Level 13.5 Air Magic


You had 7 spell levels left.
You knew the following spells:

 Your Spells              Type           Power        Failure   Level
a - Magic Dart            Conj           ####         0%          1
b - Searing Ray           Conj           ######       0%          2
c - Iskenderun's Mystic   Conj/Tloc      #######.     1%          4
d - Fulminant Prism       Conj/Hex       ########..   1%          4
e - Foxfire               Conj/Fire      ####         0%          1
f - Fireball              Conj/Fire      ########..   0%          5
g - Chain Lightning       Conj/Air       ########..   1%          8
h - Swiftness             Air            #######.     0%          2
l - Lightning Bolt        Conj/Air       ########..   1%          5
m - Iskenderun's Battles  Conj           ########     0%          5
o - Orb of Destruction    Conj           ########..   1%          7
p - Blink                 Tloc           N/A          1%          2
v - Fire Storm            Conj/Fire      ########..   10%         9

Your spell library contained the following spells:

 Spells                   Type           Power        Failure   Level
 Ignition                 Fire           ########..   1%          8
 Tornado                  Air            #######...   43%         9
 Corona                   Hex            #######      0%          1
 Shock                    Conj/Air       ####         0%          1
 Slow                     Hex            #######.     0%          2
 Dazzling Flash           Conj/Hex       ######       0%          3
 Inner Flame              Hex/Fire       #######.     0%          3
 Static Discharge         Conj/Air       ########     0%          3
 Animate Skeleton         Necr           #####.       1%          1
 Apportation              Tloc           ######       1%          1
 Pain                     Necr           ####         1%          1
 Summon Small Mammal      Summ           ####         1%          1
 Call Imp                 Summ           #####...     1%          2
 Corpse Rot               Necr/Air       N/A          1%          2
 Ensorcelled Hibernation  Hex/Ice        ######       1%          2
 Wereblood                Tmut           #####...     1%          2
 Call Canine Familiar     Summ           #####...     1%          3
 Confusing Touch          Hex            #######.     1%          3
 Gell's Gravitas          Tloc           #######...   1%          3
 Portal Projectile        Hex/Tloc       ######       1%          3
 Summon Guardian Golem    Hex/Summ       ######..     1%          3
 Teleport Other           Tloc           #######.     1%          3
 Tukima's Dance           Hex            #######.     1%          3
 Vampiric Draining        Necr           #####.....   1%          3
 Airstrike                Air            #######...   1%          4
 Cause Fear               Hex            #######...   1%          4
 Leda's Liquefaction      Hex/Erth       ######....   1%          4
 Passage of Golubria      Tloc           N/A          1%          4
 Summon Lightning Spire   Summ/Air       ######..     1%          4
 Bolt of Magma            Conj/Fire/Erth #######...   1%          5
 Metabolic Englaciation   Hex/Ice        ######....   1%          5
 Silence                  Hex/Air        #######...   1%          5
 Summon Mana Viper        Hex/Summ       ######..     1%          5
 Yara's Violent Unravell  Hex/Tmut       ######....   1%          5
 Dispersal                Tloc           #######...   1%          6
 Iron Shot                Conj/Erth      #######...   1%          6
 Summon Forest            Summ/Tloc      ######....   2%          5
 Spellforged Servitor     Conj/Summ      #######...   2%          7
 Animate Dead             Necr           #####.....   5%          4
 Petrify                  Tmut/Erth      #####...     5%          4
 Summon Ice Beast         Ice/Summ       #####...     5%          4
 Agony                    Necr           #####...     14%         5
 Borgnjor's Vile Clutch   Necr/Erth      #####.....   14%         5
 Summon Demon             Summ           #####.....   14%         5
 Death Channel            Necr           #####.....   58%         6
 Hydra Form               Tmut           #####.....   58%         6
 Shadow Creatures         Summ           N/A          58%         6
 Simulacrum               Ice/Necr       #####.....   58%         6
 Statue Form              Tmut/Erth      #####....    58%         6
 Haunt                    Necr/Summ      #####.....   98%         7
 Summon Hydra             Summ           #####.....   98%         7
 Lehudib's Crystal Spear  Conj/Erth      #######...   16%         8
 Discord                  Hex            #######...   38%         8
 Disjunction              Tloc           #######...   58%         8
 Borgnjor's Revivificati  Necr           #####.....   100%        8
 Infestation              Necr           #####.....   100%        8
 Necromutation            Tmut/Necr      #####.....   100%        8
 Absolute Zero            Ice            #####.....   100%        9
 Death's Door             Necr           #####.....   100%        9
 Shatter                  Erth           #####.....   100%        9


Dungeon Overview and Level Annotations

Branches:
Dungeon (13/15)            Temple (1/1) D:7            Lair (6/6) D:10
  Swamp (4/4) Lair:3       Shoals (4/4) Lair:3        Slime (0/5) Lair:5
    Orc (2/2) D:11            Elf (3/3) Orc:2       Ossuary (visited)
  IceCv (visited)
  Snake: Lair:2-4    Spider: Lair:2-4    Vaults: D:13-14

Altars:
Ashenzari
Cheibriados
Dithmenos
Elyvilon
Fedhas
Gozag
Hepliaklqana
Kikubaaqudgha
Makhleb
Nemelex Xobeh
Okawaru
Qazlal
Ru
Sif Muna
Trog
Uskayaw
Vehumet
Wu Jian
Xom
Zin
The Shining One
Jiyva

Shops:
D:9 =   D:12 *![   Orc:1 !   Orc:2 ==**   Elf:3 *}[[*

Annotations:
D:11 1 runed translucent door, ma3's ghost, journeyman GrFi
D:13 Rupert
Orc:2 2 transporters, End1zNear's ghost, journeyman DDFi
Elf:2 1 runed translucent door


Message History

The merfolk javelineer is heavily wounded.
The lightning arc hits the merfolk!!
You kill the merfolk!
Vehumet accepts your kill.
You feel your power returning.
The lightning arc hits the merfolk!!!
You kill the merfolk!
Vehumet accepts your kill.
You feel your power returning.
The lightning arc hits the merfolk javelineer!
The merfolk javelineer is severely wounded.
The lightning arc hits you. You resist.
* * * LOW HITPOINT WARNING * * *
The lightning arc hits the merfolk!
The merfolk is almost dead.
You hear an angry hiss. x2; You hear a shout!
A sea snake comes into view.
You block the merfolk's attack.
The merfolk javelineer throws a javelin.
The javelin pierces through you!!
You die...

.#....≈#≈≈≈≈≈≈# ###
.##...##≈≈≈≈≈##..?##
..##'##..≈.≈≈#.....# ≈
.............#..}(.# ≈≈
.............# ..).# ≈≈≈
.............##...# ≈≈≈≈
.......##+##..##m##...≈≈
..≈≈..## ##..(.......≈
≈≈≈≈≈≈# #..(@......≈
≈≈≈≈≈≈# #..........≈
≈≈≈≈≈≈# #..........≈
≈≈≈≈≈≈# #.......)..≈
≈≈≈.≈≈≈# #..........≈≈
≈≈.≈≈≈≈≈ ≈≈≈......).m≈≈
≈≈≈≈≈..≈≈≈.≈≈≈≈
≈≈≈≈≈≈≈≈≈≈≈.S.≈


You could see a merfolk javelineer, a sea snake and a merfolk.

Vanquished Creatures
  A bone dragon (Swamp:4)
  Jorgrun (Orc:2)
  Asterion (Elf:1)
  3 deep elf blademasters
  2 deep elf master archers (Elf:3)
  A kraken (Shoals:1)
  Kirke (Swamp:1)
  Donald (Shoals:3)
  A fenstrider witch (Swamp:4)
  11 deep elf sorcerers
  5 deep elf elementalists
  6 deep elf demonologists (Elf:3)
  Azrael (Elf:1)
  6 deep elf annihilators
  5 dire elephants (Lair:6)
  5 bunyips
  Snorg (Orc:1)
  An eleionoma (Swamp:4)
  3 merfolk impalers
  4 deep elf death magi (Elf:3)
  2 deep elf high priests (Elf:3)
  Josephine (Orc:2)
  A boulder beetle (D:12)
  Fannar (D:10)
  Harold (D:8)
  12 hydras
  2 catoblepae
  3 merfolk avatars
  3 ghost crabs (Swamp:4)
  2 merfolk aquamancers (Shoals:2)
  An anaconda (Lair:6)
  A satyr (Shoals:4)
  5 two-headed ogres
  14 alligators
  11 death yaks
  28 dancing weapons
  4 orc high priests
  2 small abominations (Elf:3)
  19 deep elf knights
  4 goliath frogs
  Sonja (Lair:1)
  5 skeletal warriors
  2 swamp dragons (Swamp:1)
  5 sea snakes
  4 spriggan druids
  10 deep elf archers
  A spectral hydra (Swamp:4)
  The ghost of MoonlitKnight the Cleaver, a novice HOMo of Beogh (D:6)
  Pikel (D:7)
  9 harpies (Shoals:2)
  7 bog bodies
  5 ugly things
  6 orc knights
  5 orc sorcerers
  13 manticores
  53 deep elf magi
  3 will-o-the-wisps
  9 fauns
  2 cyclopes
  An oklob plant (Lair:3)
  Maurice (D:8)
  2 ice statues (IceCv)
  2 rust devils (D:6)
  5 merfolk sirens
  Joseph (D:10)
  8 elephants (Lair:6)
  5 water nymphs
  Maggie (D:10)
  3 black mambas
  A torpor snail (Lair:4)
  4 rime drakes
  15 cane toads
  A swamp worm zombie (Swamp:4)
  26 merfolk
  7 komodo dragons
  2 hydra zombies (Swamp:4)
  2 polar bears (Lair:6)
  A meliai (shapeshifter) (Elf:1)
  8 trolls
  5 bloated husks
  2 wind drakes
  6 hornets
  9 tyrant leeches
  3 meliai (Lair:5)
  3 slime creatures (D:12)
  A hornet (shapeshifter) (Elf:2)
  46 blink frogs
  8 alligator zombies (Swamp:4)
  16 dream sheep
  4 snapping turtles
  6 spectral swamp dragons (Swamp:4)
  15 spriggans
  8 redbacks (Elf:3)
  A shadow (D:11)
  3 air elementals
  7 wraiths
  2 wyverns
  13 water elementals
  A vampire (D:10)
  A human (D:12)
  49 yaks
  2 basilisks
  3 fire elementals (Elf:1)
  A human (shapeshifter) (Elf:3)
  A steam dragon (D:8)
  8 hogs
  18 vampire mosquitoes
  3 wargs (Orc:1)
  6 insubstantial wisps (Swamp:4)
  14 swamp worms
  14 water moccasins
  2 acid dragons (D:11)
  2 hell hounds (Elf:1)
  2 swamp drakes
  5 swamp dragon zombies (Swamp:4)
  8 ice beasts
  A black bear (D:7)
  3 sky beasts
  9 ogres
  22 orc warriors
  An eye of draining (D:10)
  11 phantoms
  A centaur (D:7)
  2 lemures (D:7)
  An elf zombie (Ossuary)
  4 big kobolds
  3 gnoll sergeants (D:6)
  2 earth elementals
  14 bullfrogs
  A wyvern zombie (D:10)
  5 scorpions
  3 troll zombies (D:11)
  54 killer bees
  6 wights
  3 bullfrog zombies
  3 electric eels (Lair:3)
  7 howler monkeys
  2 jellies
  3 quasits
  A gnoll shaman (D:6)
  5 centaur zombies
  13 orc priests
  Crazy Yiuf (D:3)
  7 hounds
  3 bullfrog skeletons
  2 human zombies (Ossuary)
  14 orc wizards
  A centaur skeleton (D:6)
  An iguana (D:12)
  4 worker ants
  4 hell rats (Lair:6)
  A big kobold zombie (Ossuary)
  5 ogre zombies (D:11)
  A hound skeleton (D:7)
  2 mummies (Ossuary)
  A worker ant zombie (D:7)
  9 gnolls (D:6)
  13 adders
  6 river rats (Lair:6)
  A swamp drake zombie (Swamp:4)
  4 shadow imps
  2 white imps
  2 ufetubi
  3 oozes
  2 adder zombies
  3 adder skeletons
  A worm (D:2)
  2 dart slugs
  4 leopard geckos
  43 orcs
  2 giant cockroaches
  8 goblins
  6 hobgoblins
  6 jackals
  28 kobolds
  8 quokkas
  2 bats
  4 frilled lizards
  2 goblin skeletons (D:11)
  6 goblin zombies
  3 hobgoblin skeletons (D:11)
  13 hobgoblin zombies
  A jackal zombie (Ossuary)
  3 kobold zombies (Ossuary)
  2 orc skeletons (D:11)
  25 orc zombies
  2 quokka zombies
  10 rats
  A rat zombie (Ossuary)
  A tentacle (Shoals:1)
1168 creatures vanquished.

Vanquished Creatures (others)
  An orc (Orc:2)
  4 bushes
  2 foxfires (Swamp:2)
  145 fulminant prisms
  103 fungi
  190 plants
  5 tentacles (Shoals:1)
450 creatures vanquished.

Grand Total: 1618 creatures vanquished

Notes
Turn   | Place    | Note
-------+----------+-------------------------------------------
     0 | D:1      | lorenzova the Deep Elf Conjurer began the quest for the
                  | Orb.
     0 | D:1      | Reached XP level 1. HP: 10/10 MP: 6/6
   357 | D:1      | Reached XP level 2. HP: 15/15 MP: 4/8
   656 | D:1      | Learned a level 2 spell: Searing Ray
   861 | D:2      | Reached skill level 4 in Spellcasting
   861 | D:2      | Reached skill level 5 in Conjurations
   861 | D:2      | Reached XP level 3. HP: 15/19 MP: 2/10
  1150 | D:2      | Noticed a phantom
  1156 | D:2      | Killed a phantom
  1156 | D:2      | Reached skill level 5 in Spellcasting
  1156 | D:2      | Reached XP level 4. HP: 24/24 MP: 4/13
  1279 | D:2      | Reached XP level 5. HP: 28/28 MP: 11/14
  2300 | D:3      | Found a runed translucent door.
  2301 | D:3      | Noticed Crazy Yiuf
  2310 | D:3      | Killed Crazy Yiuf
  2813 | D:4      | Found a hide-covered altar of Uskayaw.
  2848 | D:4      | Noticed a phantom
  2860 | D:4      | Killed a phantom
  2860 | D:4      | Reached skill level 6 in Spellcasting
  2860 | D:4      | Reached XP level 6. HP: 32/32 MP: 3/17
  3239 | D:4      | Got a translucent buckler
  3240 | D:4      | Identified the +6 buckler "Egalop" {Rampage} (You found it
                  | on level 4 of the Dungeon)
  3267 | D:5      | Entered Level 5 of the Dungeon
  3334 | D:5      | Found a shimmering blue altar of Sif Muna.
  3709 | D:5      | You fall into a shaft and drop 2 floors!
  3735 | D:7      | Noticed a sky beast
  3744 | D:7      | Killed a sky beast
  3744 | D:7      | Reached skill level 7 in Spellcasting
  3798 | D:7      | Found a sand-covered staircase.
  3861 | Ossuary  | Entered an ossuary
  4043 | Ossuary  | Learned a level 4 spell: Iskenderun's Mystic Blast
  4048 | Ossuary  | Learned a level 4 spell: Fulminant Prism
  4048 | Ossuary  | Reached skill level 12 in Spellcasting
  4048 | Ossuary  | Reached XP level 7. HP: 36/36 MP: 19/25
  4543 | Ossuary  | Reached skill level 13 in Spellcasting
  4570 | Ossuary  | Reached XP level 8. HP: 25/41 MP: 12/27
  4819 | D:7      | Reached skill level 1 in Hexes
  4820 | D:7      | Reached skill level 1 in Translocations
  4885 | D:7      | Noticed Pikel
  4891 | D:7      | Killed Pikel
  4891 | D:7      | Reached XP level 9. HP: 45/45 MP: 7/28
  5034 | D:7      | Noticed a brown ugly thing
  5045 | D:7      | Killed a brown ugly thing
  5676 | D:7      | Found a staircase to the Ecumenical Temple.
  5766 | Temple   | Entered the Ecumenical Temple
  5844 | Temple   | Became a worshipper of Vehumet
  6355 | D:6      | Noticed a rust devil
  6355 | D:6      | Noticed a rust devil
  6362 | D:6      | Killed a rust devil
  6365 | D:6      | Killed a rust devil
  6365 | D:6      | Reached skill level 14 in Spellcasting
  6622 | D:6      | Reached XP level 10. HP: 50/50 MP: 29/30
  6840 | D:6      | Found an iron altar of Okawaru.
  7025 | D:6      | Reached * piety under Vehumet
  7025 | D:6      | Offered knowledge of Sandblast by Vehumet.
  7195 | D:6      | Got a polished hunting sling
  7216 | D:6      | Found a transporter.
  7226 | D:6      | Noticed MoonlitKnight's ghost (novice HOMo)
  7234 | D:6      | Identified the cursed +2 trident of the Shoals {venom,
                  | Int-4 SInv Stlth+}
  7315 | D:6      | Found a transporter.
  7332 | D:6      | Identified the +1 hunting sling of Disorder {speed, *Drain
                  | rF++ Stlth+} (You found it on level 6 of the Dungeon)
  7483 | D:5      | Found a stormy altar of Qazlal.
  8049 | D:8      | Noticed Maurice
  8373 | D:8      | Noticed Harold
  8385 | D:8      | Killed Harold
  8511 | D:8      | Killed Maurice
  8511 | D:8      | Reached skill level 5 in Hexes
  8926 | D:8      | Found a stormy altar of Qazlal.
  8928 | D:8      | Found a shimmering altar of Xom.
  8928 | D:8      | Found a glowing golden altar of the Shining One.
  9518 | D:9      | Noticed a manticore
  9533 | D:9      | Reached ** piety under Vehumet
  9539 | D:9      | Killed a manticore
  9565 | D:9      | Offered knowledge of Foxfire by Vehumet.
  9568 | D:9      | Learned a level 1 spell: Foxfire
  9643 | D:9      | Found a shimmering altar of Xom.
  9723 | D:9      | Reached skill level 1 in Shields
  9751 | D:9      | Found Lalifaf's Jewellery Shop.
 10212 | D:9      | Reached skill level 1 in Fire Magic
 10419 | D:9      | Offered knowledge of Stone Arrow by Vehumet.
 10419 | D:9      | Reached XP level 11. HP: 54/54 MP: 31/31
 10470 | D:10     | Entered Level 10 of the Dungeon
 10771 | D:10     | Noticed a two-headed ogre
 10782 | D:10     | Killed a two-headed ogre
 10782 | D:10     | Reached skill level 15 in Spellcasting
 10957 | D:10     | Reached *** piety under Vehumet
 11049 | D:10     | Noticed Maggie
 11059 | D:10     | Killed Maggie
 11113 | D:10     | Noticed Fannar
 11114 | D:10     | Noticed a two-headed ogre
 11119 | D:10     | Killed a two-headed ogre
 11119 | D:10     | Reached skill level 5 in Translocations
 11138 | D:10     | Killed Fannar
 11144 | D:10     | Noticed a brown ugly thing
 11419 | D:10     | Killed a brown ugly thing
 11584 | D:10     | Identified the ring of Biubonn {+Inv rN+ Dex+3}
 11660 | D:10     | Identified Mavvukhla's Reference Book on Evil
 11760 | D:10     | Found a white marble altar of Elyvilon.
 11828 | D:10     | Offered knowledge of Ignite Poison by Vehumet.
 11910 | D:10     | Found a staircase to the Lair.
 12011 | D:10     | Noticed Joseph
 12033 | D:10     | Killed Joseph
 12430 | D:11     | Noticed a two-headed ogre
 12436 | D:11     | Killed a two-headed ogre
 12525 | D:11     | Noticed a red ugly thing
 12534 | D:11     | Killed a red ugly thing
 12703 | D:11     | Reached **** piety under Vehumet
 12743 | D:11     | Offered knowledge of Olgreb's Toxic Radiance by Vehumet.
 12847 | D:11     | Found a runed translucent door.
 12847 | D:11     | Identified the +4 spear "Teheath" {drain, +Blink}
 12899 | D:11     | Got a masterwork leather armour
 13262 | D:11     | Found a staircase to the Orcish Mines.
 13490 | D:11     | Noticed ma3's ghost (journeyman GrFi)
 13554 | D:12     | Found Nenoph's Antique Armour Shop.
 13602 | D:12     | Noticed a two-headed ogre
 13613 | D:12     | Killed a two-headed ogre
 13613 | D:12     | Reached XP level 12. HP: 59/59 MP: 32/33
 13634 | D:12     | Noticed a two-headed ogre
 13639 | D:12     | Killed a two-headed ogre
 13639 | D:12     | Reached skill level 5 in Fire Magic
 13641 | D:12     | Noticed a boulder beetle
 13662 | D:13     | Noticed Rupert
 13680 | D:12     | Killed a boulder beetle
 13872 | D:12     | Found Boiluaki's Assorted Antiques.
 13880 | D:12     | Bought a scroll of identify for 78 gold pieces
 13880 | D:12     | Identified the cursed +1 leather armour of the Dice
                  | {Rampage rElec rC- MR+ Stlth+} (You found it on level 11 of
                  | the Dungeon)
 13881 | D:12     | Found a frozen archway.
 13903 | IceCv    | Entered an ice cave
 13916 | IceCv    | Reached skill level 16 in Spellcasting
 13972 | IceCv    | Found a transporter.
 14194 | IceCv    | Found a transporter.
 14245 | D:12     | Reached ***** piety under Vehumet
 14252 | D:12     | Offered knowledge of Fireball by Vehumet.
 14766 | D:11     | HP: 2/59 [skeletal warrior/+0 war axe[a skeletal warrior]
                  | (24)]
 15336 | D:12     | Found Pucul's Distillery.
 15554 | D:12     | Bought 2 potions of heal wounds for 160 gold pieces
 15554 | D:12     | Bought a potion of magic for 128 gold pieces
 16075 | Lair:1   | Entered Level 1 of the Lair of Beasts
 16090 | D:10     | Learned a level 5 spell: Fireball
 16095 | Lair:1   | Noticed a seven-headed hydra
 16099 | Lair:1   | Killed a seven-headed hydra
 16202 | Lair:1   | Noticed Sonja
 16204 | Lair:1   | Killed Sonja
 16204 | Lair:1   | Reached XP level 13. HP: 63/63 MP: 32/35
 16464 | Lair:1   | Learned a level 5 spell: Lightning Bolt
 16467 | Lair:1   | Learned a level 2 spell: Swiftness
 17127 | Lair:2   | Reached skill level 1 in Air Magic
 17745 | Lair:2   | Reached skill level 17 in Spellcasting
 17745 | Lair:2   | Reached skill level 15 in Conjurations
 18704 | Lair:3   | Found a staircase to the Shoals.
 18755 | Lair:3   | Found a glowing silver altar of Zin.
 18845 | Lair:3   | Got a faintly glowing mace
 18982 | Lair:3   | Found a staircase to the Swamp.
 19884 | Lair:4   | Reached XP level 14. HP: 68/68 MP: 30/37
 21155 | Lair:5   | Reached skill level 5 in Air Magic
 21938 | Lair:5   | Reached ****** piety under Vehumet
 22023 | Lair:5   | Found a viscous altar of Jiyva.
 22023 | Lair:5   | Found a staircase to the Slime Pits.
 22032 | Lair:5   | Reached skill level 10 in Hexes
 22132 | Lair:5   | Offered knowledge of Conjure Ball Lightning by Vehumet.
 23348 | Lair:6   | Entered Level 6 of the Lair of Beasts
 23374 | Lair:6   | Reached skill level 18 in Spellcasting
 23399 | Lair:6   | Reached skill level 10 in Fire Magic
 24795 | Lair:6   | Identified the cursed +0 mace of Bulo {venom, rPois rF+
                  | Str+2} (You found it on level 3 of the Lair of Beasts)
 25345 | Lair:6   | Reached XP level 15. HP: 72/72 MP: 33/39
 25667 | Lair:6   | Offered knowledge of Bolt of Magma by Vehumet.
 27196 | Orc:1    | Entered Level 1 of the Orcish Mines
 27203 | Orc:1    | Noticed Snorg
 27626 | Orc:1    | Killed Snorg
 27743 | Orc:1    | Found Qoclon's Distillery.
 28047 | Orc:1    | Found a bloodstained altar of Trog.
 28308 | Orc:2    | Entered Level 2 of the Orcish Mines
 28326 | Orc:2    | Noticed Jorgrun
 28329 | Orc:2    | HP: 2/72 [Jorgrun/uncursed staff of earth (9)]
 28333 | Orc:2    | Killed Jorgrun
 28999 | Orc:2    | Offered knowledge of Ozocubu's Refrigeration by Vehumet.
 29149 | Orc:2    | Reached skill level 19 in Spellcasting
 29194 | Orc:2    | Found Diutul's Jewellery Emporium.
 29194 | Orc:2    | Found Hevywn's Assorted Antiques.
 29437 | Orc:2    | Found Evvoowigg's Jewellery Emporium.
 29437 | Orc:2    | Found Kideakeb's Assorted Antiques.
 29446 | Orc:2    | Bought a potion of heal wounds for 130 gold pieces
 29446 | Orc:2    | Bought a potion of magic for 208 gold pieces
 29446 | Orc:2    | Bought a scroll of teleportation for 78 gold pieces
 29446 | Orc:2    | Bought a scroll of magic mapping for 91 gold pieces
 29448 | Orc:2    | Bought a scroll labelled LISYJE IKHOENU for 29 gold pieces
 29448 | Orc:2    | Bought a potion of heal wounds for 145 gold pieces
 29523 | Orc:2    | Noticed Josephine
 29525 | Orc:2    | Killed Josephine
 29565 | Orc:2    | Noticed End1zNear's ghost (journeyman DDFi)
 29624 | Orc:2    | Found a transporter.
 29649 | Orc:2    | Found a transporter.
 29689 | Orc:2    | Found a staircase to the Elven Halls.
 30042 | Orc:2    | Bought an embroidered scarf for 208 gold pieces
 30044 | Orc:2    | Bought a leatherbound book for 435 gold pieces
 30053 | Orc:2    | Learned a level 7 spell: Orb of Destruction
 30059 | Orc:2    | Learned a level 5 spell: Iskenderun's Battlesphere
 30060 | Orc:2    | Bought a scroll labelled WUMICSUXUN for 29 gold pieces
 30227 | Swamp:1  | Entered Level 1 of the Swamp
 31139 | Swamp:1  | You fall into a shaft and drop 1 floor!
 31155 | Swamp:1  | Noticed Kirke
 31160 | Swamp:1  | Killed Kirke
 31477 | Swamp:2  | Reached XP level 16. HP: 76/76 MP: 18/41
 32036 | Swamp:2  | Offered knowledge of Starburst by Vehumet.
 32723 | Swamp:3  | Found a white marble altar of Elyvilon.
 33059 | Swamp:4  | Entered Level 4 of the Swamp
 33885 | Swamp:4  | Reached skill level 10 in Air Magic
 33986 | Swamp:4  | Reached skill level 20 in Spellcasting
 35244 | Swamp:4  | Noticed a bone dragon
 35253 | Swamp:4  | Killed a bone dragon
 35794 | Swamp:4  | Offered knowledge of Lee's Rapid Deconstruction by Vehumet.
 38303 | Swamp:4  | Got a decaying rune of Zot
 38735 | Elf:1    | Entered Level 1 of the Elven Halls
 38791 | Elf:1    | Noticed Azrael
 38795 | Elf:1    | Killed Azrael
 39338 | Elf:1    | Reached XP level 17. HP: 78/78 MP: 43/43
 39347 | Elf:1    | Noticed Asterion
 40299 | Elf:1    | Identified the Disquisition on Summoning
 40305 | Elf:1    | Killed Asterion
 41153 | Elf:2    | Offered knowledge of Freezing Cloud by Vehumet.
 41477 | Elf:2    | Found a runed translucent door.
 41530 | Elf:2    | Found a runed translucent door.
 42017 | Elf:2    | Noticed a deep elf blademaster
 42286 | Elf:2    | Killed a deep elf blademaster
 42286 | Elf:2    | Reached skill level 21 in Spellcasting
 42928 | Elf:3    | Entered Level 3 of the Elven Halls
 42928 | Elf:3    | Found Olepan's Armour Shop.
 42999 | Elf:3    | Found Ekomp's Armour Boutique.
 43242 | Elf:3    | Found Tauziom's General Store.
 43529 | Elf:3    | Reached XP level 18. HP: 85/85 MP: 40/45
 43760 | Elf:3    | Found Byliorea's Gadget Boutique.
 43940 | Elf:3    | Found Lalez's General Store.
 43949 | Elf:3    | Bought a scroll of identify for 36 gold pieces
 44066 | Elf:3    | Reached skill level 15 in Fire Magic
 44550 | Elf:3    | Identified the cursed +3 broad axe "Kaleohyh" {vamp, Int+4}
 44612 | Elf:3    | Found the +8 arc blade {discharge, rElec}
 44653 | Elf:3    | Identified the Grimoire of Entrancing Transmigration
 44670 | Elf:3    | Identified the Incunabulum of the Feathery Voyage
 44720 | Elf:3    | Got a faintly glowing falchion
 44894 | Elf:3    | Reached skill level 22 in Spellcasting
 45216 | Elf:3    | Identified the +9 falchion of the Walnut {freeze, *Contam
                  | rElec rPois Int+7 Stlth+} (You found it on level 3 of the
                  | Elven Halls)
 45221 | Elf:3    | Learned a level 2 spell: Blink
 45230 | Elf:3    | Learned a level 8 spell: Chain Lightning
 45240 | Elf:3    | Learned a level 9 spell: Fire Storm
 45702 | D:6      | Killed MoonlitKnight's ghost
 45852 | D:6      | Got a glittering golden ring
 45855 | D:6      | Identified the cursed ring of Surazuy {+Blink rF+ MP+9
                  | Str-4 Int+2} (You found it on level 6 of the Dungeon)
 46432 | Shoals:1 | Entered Level 1 of the Shoals
 47021 | Shoals:1 | Reached skill level 1 in Armour
 47447 | Shoals:2 | Reached skill level 1 in Fighting
 47719 | Shoals:2 | Reached XP level 19. HP: 91/92 MP: 33/47
 47738 | Shoals:2 | Offered knowledge of Tornado by Vehumet.
 47738 | Shoals:2 | Offered knowledge of Ignition by Vehumet.
 49105 | Shoals:3 | Noticed Donald
 49108 | Shoals:3 | Killed Donald
 49562 | Shoals:3 | Upgraded the game from 0.26-a0-812-g31a745ddcd to
                  | 0.26-a0-1040-gbe3abf3417
 49595 | Shoals:4 | Entered Level 4 of the Shoals
 49706 | Shoals:4 | Identified the cursed +1 robe "Sikororee" {MP+9 Str+3}
 49796 | Shoals:4 | Got a brightly glowing robe
 49822 | Shoals:4 | Hit by a javelin thrown by a merfolk javelineer

Illustrated notes

Levels and vault maps discovered:
D:1:      dpeg_arrival_renting, layout_rooms
D:2:      layout_rooms, minmay_tromino_i4
D:3:      layout_basic, uniq_crazy_yiuf_cottage
D:4:      layout_cave_pools, kennysheep_little_box,
          chequers_serial_rivers_small_a, serial_bayou_crossing
D:5:      layout_rooms, lemuel_doored_altar, serial_corexii_hall,
          chequers_hall_statues_y, corexii_hall_statues_l, grunt_qazlal_clouds
D:6:      cheibrodos_iron_armory, layout_rooms, gammafunk_ghost_gnarly_gnolls,
          kennysheep_okawaru_gauntlet
D:7:      layout_loops_corners, temple_hall, enter_ossuary_4,
          minmay_shattered_shrine, uniq_pikel
D:8:      layout_cave_pools, grunt_temple_overflow_diamond, uniq_maurice,
          uniq_harold
D:9:      layout_stronghold, serial_shops, shop, hangedman_abyss_or_decor_stabs,
          minmay_ruined_shrine
D:10:     minmay_the_grid_plus [minmay_the_grid_all_tris,
          minmay_the_grid_small_cups, minmay_the_grid_slots,
          minmay_the_grid_diamond_grid, minmay_the_grid_prize_shrinking_boxes],
          layout_cave_pods, basic_altar, uniq_joseph, uniq_fannar, uniq_maggie
D:11:     layout_rooms, zombieorc2_lemuel, ebering_ghost_funeral_grove,
          kennysheep_generic_room_8
D:12:     layout_basic, portal_ice_cave_entry_pillars_2, serial_shops,
          kennysheep_mini_moat, shop_statue, shop, grunt_livestock
D:13:     lemuel_upstairs_altar, layout_loops_corners, uniq_rupert
Temple:   minmay_crystal_spiral_temple
Lair:1:   layout_loops_ring, lemuel_fruit_tree, uniq_sonja
Lair:2:   layout_cave_pods
Lair:3:   layout_loops_ring, minmay_swamp_entry_eels,
          minmay_shoals_entry_beasts, lemuel_oklob_altar
Lair:4:   layout_cave_pods, grunt_megastairs_3
Lair:5:   wad_woods_minihive, layout_regular_city, slime_altar_1
Lair:6:   due_jungle_book, layout_small_grid, kennysheep_abandoned_house
Swamp:1:  layout_basic_swamp, evilmike_swamp_ruin_house_3, uniq_kirke
Swamp:2:  layout_basic_swamp, serial_swamp_ruin, evilmike_swamp_ruin_house_1,
          evilmike_swamp_ruin_rubble_1, evilmike_swamp_ruin_house_4
Swamp:3:  layout_basic_swamp, lemuel_altar_in_water
Swamp:4:  swamp_pestilence, layout_basic_swamp, swamp_pool3
Shoals:1: layout_shoals, nicolae_shoals_kraken_intersection
Shoals:2: layout_shoals, nicolae_shoals_square_sea_wall
Shoals:3: layout_shoals, uniq_donald
Shoals:4: shoals_end_simple, layout_shoals
Orc:1:    layout_caves, serial_shops, nicolae_shop_window_shopping,
          trog_hazing_becter, uniq_snorg
Orc:2:    grunt_orc_tribal_feast, layout_caves, gammafunk_ghost_arena,
          uniq_jorgrun, uniq_josephine
Elf:1:    eino_elf_arrival_sip, layout_loops_corners, minivault_28,
          nicolae_twisting_strands, nicolae_elf_w_pinch,
          nicolae_elf_glass_and_crystal_pillar_2, corexii_hall_statues_i,
          minmay_elf_demonology, uniq_azrael, uniq_asterion
Elf:2:    layout_onion_city
Elf:3:    elf_hall, layout_geoelf_octagon, serial_shops,
          nicolae_shop_waterfront, shop_fountains, shop_coins,
          nicolae_shop_trees, shop_fountains, drop_trap

Skill      XL: |  1  2  3  4  5  6  7  8  9 10 11 12 13 14 15 16 17 18 19 |
---------------+----------------------------------------------------------+-----
Spellcasting   | 4 5 6 12 13 14 15 16 17 18 19 20 21 22 | 22.3
Conjurations   | 5 6 11 12 13 14 15 16 17 18 19 | 19.6
Hexes          | 2 4 5 7 8 9 10 | 10.8
Translocations | 1 3 4 5 7 8 9 |  9.1
Shields        | 1 2 3 4 |  4.0
Fire Magic     | 1 4 7 9 10 12 13 14 15 16 | 16.0
Air Magic      | 4 6 9 10 12 13 | 13.5
Armour         | 1 2 |  2.8
Fighting       | 1 2 |  2.1
Dodging        | 3 4 |  4.0
Stealth        | |  2.4

Action                   |  1- 3 |  4- 6 |  7- 9 | 10-12 | 13-15 | 16-18 | 19-21 || total
-------------------------+-------+-------+-------+-------+-------+-------+-------++-------
Melee: Quarterstaff      |       |     1 |     2 |       |       |       |       ||     3
       Short sword       |       |       |       |     1 |     1 |       |       ||     2
       Mace              |       |       |       |       |     9 |       |     1 ||    10
 Cast: Magic Dart        |    53 |    82 |    96 |   224 |    96 |   220 |    12 ||   783
       Searing Ray       |     1 |    11 |    22 |   119 |    35 |       |       ||   188
       Fulminant Prism   |       |       |    13 |   101 |    27 |     4 |     1 ||   146
       Iskenderun's Myst |       |       |     7 |    65 |    83 |    88 |     7 ||   250
       Fireball          |       |       |       |     6 |   359 |   244 |    47 ||   656
       Lightning Bolt    |       |       |       |       |    38 |    47 |       ||    85
       Iskenderun's Batt |       |       |       |       |     9 |    90 |     9 ||   108
       Swiftness         |       |       |       |       |     9 |     5 |       ||    14
       Orb of Destructio |       |       |       |       |       |     6 |       ||     6
       Chain Lightning   |       |       |       |       |       |    14 |     8 ||    22
Evoke: Wand              |       |       |       |       |     1 |       |       ||     1
  Use: Potion            |       |     6 |       |     3 |     2 |     3 |       ||    14
       Scroll            |       |     6 |       |    17 |     6 |    20 |     1 ||    50
Armor: Robe              |       |     8 |     3 |    12 |     3 |       |       ||    26
       Leather armour    |       |       |       |       |     1 |       |       ||     1
Dodge: Dodged            |     3 |    16 |    11 |    46 |    26 |     8 |     5 ||   115
Block: Buckler           |       |       |       |    45 |    27 |    20 |     6 ||    98
       Reflection        |       |       |       |       |       |    12 |     5 ||    17

Table legend: (Time is in decaauts)
 A = Elapsed time spent in this place.
 B = Non-inter-level travel time spent in this place.
 C = Inter-level travel time spent in this place.
 D = Time resting spent in this place.
 E = Time spent auto-exploring this place.
 F = Levels seen in this place.
 G = Mean time per level.
                   A        B        C        D        E       F      G
               +--------+--------+--------+--------+--------+-----+--------+
         Total |  50291 |  47542 |   2749 |  23904 |  17566 |  35 | 1436.9 |
       Dungeon |  15494 |  14354 |   1140 |   5764 |   6512 |  13 | 1191.8 |
        Temple |    154 |     78 |     76 |      0 |     75 |   1 |  154.0 |
          Lair |  11373 |  10816 |    557 |   5549 |   4086 |   6 | 1895.5 |
         Swamp |   8503 |   8306 |    197 |   5915 |   1603 |   4 | 2125.8 |
        Shoals |   3580 |   3532 |     48 |   1474 |   1712 |   4 |  895.0 |
  Orcish Mines |   2892 |   2707 |    185 |   1395 |    827 |   2 | 1446.0 |
   Elven Halls |   7067 |   6524 |    543 |   3050 |   2602 |   3 | 2355.7 |
       Ossuary |    893 |    893 |      0 |    522 |    147 |   1 |  893.0 |
      Ice Cave |    332 |    332 |      0 |    235 |      0 |   1 |  332.0 |
               +--------+--------+--------+--------+--------+-----+--------+

Top non-repeatable levels by time:
 Swamp:4: 4885 daAuts
  Lair:6: 3279 daAuts
  Lair:5: 2820 daAuts
   Elf:3: 2754 daAuts
   Elf:1: 2267 daAuts
    D:10: 2194 daAuts
     D:7: 2120 daAuts
   Elf:2: 2045 daAuts
    D:11: 1929 daAuts
 Swamp:3: 1646 daAuts
   Orc:1: 1562 daAuts
    D:12: 1538 daAuts
     D:9: 1420 daAuts
  Lair:3: 1415 daAuts
Shoals:1: 1398 daAuts
